Map: Kairos Junction LE

Players

Smeeeger

  • Race: Zerg Zerg
  • League: Platinum
  • Spawn Location: 11:00

MadAppleDoc - Winner!

  • Race: Terran Terran
  • League: Diamond
  • Spawn Location: 5:00

VOD

Have the link to the VOD?

Description

Time

  • Played on: July 17, 2019, 8:20 a.m.
  • Length: 8:35
Show
View Real Time Build Order
Export as new Build Order

Smeeeger Zerg 

Build Orders: Hatch First 

Get SALT Encoding   

  12  0:01  Drone  
  13  0:16  Overlord  
  13  0:23  Drone  
  14  0:36  Drone x2  
  14  0:41  Drone  
  17  0:55  Hatchery  
  16  0:57  Drone  
  17  1:12  Spawning Pool  
  17  1:14  Drone  
  17  1:20  Drone  
  17  1:22  Drone  
  19  1:28  Extractor  
  19  1:32  Drone  
  19  1:43  Overlord  
  19  1:58  Queen  
  21  2:11  Drone  
  21  2:12  Drone, Overlord  
  23  2:27  Overlord  
  23  2:29  Drone x3  
  26  2:31  Queen  
  26  2:34  Queen  
  30  2:41  Drone  
  30  2:42  Drone  
  32  2:57  Hatchery  
  31  3:01  Overlord  
  31  3:02  Drone  
  32  3:15  Drone x4  
  32  3:18  Overlord  
  36  3:21  Overlord  
  36  3:24  Metabolic Boost  
  36  3:29  Zergling x4  
  38  3:35  Drone  
  38  3:36  Drone  
  40  3:43  Drone x3  
  40  3:45  Drone  
  40  3:46  Extractor x2  
  42  3:51  Drone  
  42  3:52  Drone  
  45  4:02  Drone  
  45  4:03  Drone  
  46  4:10  Queen  
  47  4:32  Baneling Nest  
  47  4:33  Evolution Chamber x2  
  47  4:34  Drone x3  
  47  4:35  Drone  
  47  4:36  Drone x2  
  47  4:37  Overlord  
  50  4:40  Lair  
  50  4:45  Queen, Zergling x8  
  53  4:48  Pneumatized Carapace  
  53  4:52  Drone x2  
  58  4:53  Drone  
  59  5:05  Zerg Melee Weapons Level 1  
  59  5:10  Drone, Zergling x2  
  59  5:11  Zergling x4  
  63  5:18  Spine Crawler  
  63  5:19  Spore Crawler  
  63  5:21  Spore Crawler, Queen  
  61  5:22  Spore Crawler, Drone  
  61  5:23  Zerg Ground Armor Level 1  
  61  5:27  Drone  
  64  5:28  Drone x3  
  64  5:29  Drone  
  64  5:30  Baneling x3  
  67  5:47  Drone x4  
  67  5:48  Baneling x2  
  71  5:51  Drone x2  
  73  6:01  Baneling x5  
  73  6:04  Drone  
  74  6:10  Overseer  
  72  6:14  Drone  
  72  6:15  Spore Crawler, Drone x3  
  68  6:32  Spore Crawler  
  64  6:33  Drone x4  
  55  6:54  Spore Crawler, Drone x5  
  52  6:55  Spore Crawler, Drone  
  52  6:57  Spore Crawler  
  52  6:58  Spore Crawler  
  52  7:00  Zergling x24  
  53  7:14  Spore Crawler, Queen  
  53  7:15  Queen  
  50  7:25  Baneling  
  50  7:26  Baneling  
  50  7:29  Spore Crawler, Extractor  
  48  7:30  Extractor  
  48  7:31  Spore Crawler  
  42  7:50  Queen  
  42  7:59  Hatchery  
  42  8:04  Spawning Pool  
  40  8:08  Baneling x4  
  31  8:26  Hatchery  
Show
View Real Time Build Order
Export as new Build Order

MadAppleDoc Terran - Winner!

Build Orders:  

Get SALT Encoding   

  12  0:01  SCV  
  13  0:13  SCV  
  14  0:22  Supply Depot  
  14  0:25  SCV  
  15  0:30  Refinery  
  15  0:45  Barracks  
  15  0:46  SCV  
  16  0:54  Refinery  
  16  0:58  SCV  
  17  1:10  SCV  
  18  1:22  SCV  
  19  1:33  Marine  
  19  1:34  Supply Depot  
  19  1:35  Orbital Command  
  20  1:52  Factory, Marine  
  21  2:01  SCV  
  22  2:14  SCV  
  23  2:38  SCV  
  23  2:43  Factory Tech Lab  
  24  2:46  Supply Depot  
  24  2:47  Marine  
  24  2:50  SCV  
  26  3:01  Starport  
  26  3:02  Starport  
  26  3:03  SCV  
  27  3:10  Siege Tank  
  30  3:15  SCV  
  30  3:17  Marine  
  32  3:41  Supply Depot  
  32  3:42  Starport Tech Lab x2  
  32  3:47  Supply Depot  
  32  4:02  Banshee x2  
  38  4:03  Marine  
  38  4:05  Cloaking Field  
  39  4:16  Command Center  
  39  4:21  Marine  
  40  4:39  Bunker  
  40  4:42  Marine  
  40  4:44  Banshee  
  40  4:45  Banshee  
  47  4:53  Engineering Bay  
  47  5:11  Supply Depot  
  47  5:14  Marine  
  48  5:27  Banshee x2  
  54  5:28  Refinery  
  54  5:31  Planetary Fortress  
  54  5:33  Bunker  
  54  5:48  Marine  
  53  6:06  Marine  
  53  6:10  Banshee x2  
  60  6:30  Marine  
  61  6:48  Marine  
  61  6:53  Banshee x2  
  62  7:05  Marine  
  63  7:11  SCV  
  64  7:21  Bunker  
  64  7:23  Marine, SCV  
  66  7:35  SCV  
  66  7:36  Banshee x2  
  73  7:41  Marine  
  74  7:52  SCV  
  75  7:59  Marine  
  75  8:04  SCV  
  77  8:17  Marine  
Tags
 
Add a new tag
Caveats
  • Supply blocks, unpowered buildings, or Contaminate may cause inaccurate times.
  • Supply counts are checked every 10 seconds.